[Event "Late-Titled-Tuesday-Blitz-February-27-2024"]
[Site "Chess.com"]
[Date "2024.02.27"]
[Round "9"]
[White "ElVital"]
[Black "Statham_01"]
[Result "0-1"]
[WhiteElo "2354"]
[BlackElo "2539"]
[TimeControl "180+1"]
[EndTime "15:45:15 PST"]
[Termination "Statham_01 won on time"]

1. d4 Nf6 2. c4 e5 3. dxe5 Ng4 4. e3 Nxe5 5. Nc3 Bb4 6. f4 Ng6 7. Bd3 O-O 8. Nf3 Bxc3+ 9. bxc3 d6 10. O-O Nd7 11. e4 Nc5 12. Bc2 b6 13. Nd4 Bb7 14. Qf3 Re8 15. f5 Ne5 16. Qg3 f6 17. Ba3 Nxe4 18.
Bxe4 Bxe4 19. Ne6 Qd7 20. Nd4 c5 21. Ne6 Bxf5 22. Nf4 Nxc4 23. Nd5 Bg6 24. Bc1 Kh8 25. Bf4 Ne5 26. Rad1 Qf7 27. Ne3 Rad8 28. h4 Nd3 29. h5 Nxf4 30. Rxf4 Bxh5 31. Rdf1 d5 32. Nf5 Bg6 33. Nh4 d4 34. cxd4 cxd4 35. Rg4 Re3 36. Qh2 Kg8 37. Qf4 Qd7 38. Rxg6 hxg6 39. Nxg6 Qd6 40.
Qh4 Kf7 41. Qh5 Qg3 42. Nf4+ Kg8 43. Ng6 Qg5 44. Qh8+ Kf7 45. Qxd8 Kxg6 46. Qxd4 Re5 47. Qd3+ Kf7 48. Qf3 Kg6 49. Qb7 Qe3+ 50. Rf2 Qc1+ 51. Rf1 Qc5+ 52. Kh2 Rh5+ 53. Kg3 Qe5+ 54. Kf2 Rf5+ 0-1

[Event "Late-Titled-Tuesday-Blitz-February-27-2024"]
[Site "Chess.com"]
[Date "2024.02.27"]
[Round "9"]
[White "LiemLe"]
[Black "Beca95"]
[Result "1-0"]
[WhiteElo "3065"]
[BlackElo "2950"]
[TimeControl "180+1"]
[EndTime "15:45:16 PST"]
[Termination "LiemLe won on time"]

1. d4 Nf6 2. c4 e6 3. Nc3 c5 4. d5 exd5 5. cxd5 d6 6. Nf3 g6 7.
Nd2 Bg7 8. e4 O-O 9. Be2 Na6 10.
O-O Nc7 11. a4 a6 12. Nc4 b5 13. axb5 axb5 14. Rxa8 Nxa8 15. Nxb5 Nxe4 16. Bf4 Qf6 17. Bxd6 Nxd6 18. Nbxd6 Nb6 19. Nxc8 Nxc4 20. Bxc4 Rxc8 21. b3 Bf8 22. Re1 Bd6 23. g3 Ra8 24. Kg2 Kg7 25.
Re3 h5 26. h4 Ra2 27. Rf3 Qe5 28. Qc1 Kg8 29. Qg5 Qxg5 30. hxg5 Kf8 31. Rf6 Ke7 32.
Kh3 Rc2 33. Rf3 Rc1 34. Re3+ Kf8 35. Bb5 Be7 36. f4 Rd1 37. Bc6 Rd4 38. Kg2 Rd2+ 39. Kf3 Rd4 40. Ke2 h4 41. Kf3 hxg3 42. Kxg3 Bd6 43.
Rf3 Ke7 44. Kg4 f5+ 45. gxf6+ Kxf6 46. Kh3 Bxf4 47. d6 g5 48. d7 Kf5 49. Kg2 g4 50. Rf2 Kg5 51. Re2 Bc7 52. Re8 Rd6 53.
Rc8 Rd2+ 54. Kf1 Ba5 55. Rg8+ Kf4 56. Ra8 Bb6 57. Rb8 Bc7 58. Rc8 Bb6 59. Rb8 Bc7 60.
Rf8+ Kg3 61. Bb5 Ba5 62. Ra8 Bb6 63. Rb8 Bc7 64. Rc8 Bb6 65. Rc6 Ba5 66. Rxc5 Rf2+ 67. Kg1 Bb6 68. Rc6 Be3 69. Rc3 1-0

[Event "Late-Titled-Tuesday-Blitz-February-27-2024"]
[Site "Chess.com"]
[Date "2024.02.27"]
[Round "9"]
[White "Abund"]
[Black "Rawnsdale"]
[Result "1-0"]
[WhiteElo "2735"]
[BlackElo "2508"]
[TimeControl "180+1"]
[EndTime "15:45:19 PST"]
[Termination "Abund won by checkmate"]

1. e4 c6 2. d4 d5 3. exd5 cxd5 4. Bd3 Nc6 5. c3 Nf6 6. h3 g6 7. Nf3 Bg7 8. O-O O-O 9. Re1 Re8 10. Bf4 Nh5 11. Bh2 Bh6 12. Nbd2 Nf4 13. Bf1 f6 14. c4 dxc4 15. Bxc4+ Kg7 16. Ne4 Bf5 17. Nc5 b6 18. Bxf4 Bxf4 19. Ne6+ Bxe6 20. Rxe6 Na5 21. Bb5 Rf8 22.
Qe2 Bd6 23. Ba6 Rb8 24. Rc1 b5 25. Bxb5 Qb6 26. a4 Nb3 27. Rd1 Rbc8 28. h4 Rc1 29.
Rxc1 Nxc1 30. Qc4 a6 31. Bxa6 Qxb2 32. Re1 Nb3 33. Qd3 Na5 34. Bb5 Rc8 35. h5 Rc1 36. Qe3 Rxe1+ 37. Qxe1 Nb3 38. hxg6 hxg6 39. d5 Nd4 40.
Nxd4 Qxd4 41. Kf1 Qxd5 42. g3 Bc5 43. Kg1 Qd6 44. Kg2 Qd5+ 45. Kf1 Qd4 46. Kg2 Bb4 47. Qe2 Qd5+ 48. Qf3 Qd6 49. Qe4 Bc5 50. Bd3 f5 51. Qf3 Kf6 52. Bc4 Qd4 53. Bb5 e5 54. Qc6+ Kg5 55.
Qf3 e4 56. Qf4+ Kf6 57. g4 Bd6 58. Qe3 Qe5 59. gxf5 Qh2+ 60. Kf1 Qh1+ 61. Ke2 gxf5 62. Qd4+ Be5 63. Qd8+ Kg6 64. Be8+ Kh6 65. Qb6+ Kg5 66. Qg6+ Kf4 67. Qg3# 1-0

[Event "Late-Titled-Tuesday-Blitz-February-27-2024"]
[Site "Chess.com"]
[Date "2024.02.27"]
[Round "9"]
[White "Jospem"]
[Black "Sargsyan_Shant"]
[Result "1-0"]
[WhiteElo "3070"]
[BlackElo "2915"]
[TimeControl "180+1"]
[EndTime "15:45:23 PST"]
[Termination "Jospem won on time"]

1. e4 c6 2. d4 d5 3. e5 Bf5 4. h4 h6 5. Bd3 Bxd3 6. cxd3 e6 7. Nc3 c5 8. dxc5 Bxc5 9. d4 Bb4 10. Qg4 Kf8 11. Ne2 Nc6 12. O-O Nge7 13. Ng3 Rc8 14. Nce2 Ng6 15. h5 Qh4 16. f3 Qxg4 17.
fxg4 Nge7 18. Be3 Ba5 19. Rac1 Ke8 20. Rf3 Bb6 21. Rcf1 Rf8 22. Kh2 a6 23. a3 Ba7 24.
b4 b5 25. Bg1 a5 26. bxa5 Nxa5 27. Rb1 Rb8 28. Nc3 Kd7 29. Nxb5 Nc4 30. a4 f6 31. exf6 gxf6 32. Re1 Rb7 33. Ne2 Bb8+ 34. g3 e5 35. dxe5 Nxe5 36. Rf4 Nd3 37. Rd1 Nxf4 38. gxf4 f5 39. Bc5 fxg4 40. Bxe7 Kxe7 41. Kg3 Ke6 42. Kxg4 Rg7+ 43. Kf3 Rc8 44. Rb1 Kf6 45. Nbd4 Bc7 46. Rb5 Rd7 47. Nc3 Rcd8 48. a5 Kf7 49. a6 Ra8 50. Nxd5 Rxa6 51. Ke4 Bd8 52. Nf3 Bf6 53. Kf5 Bg7 54. Ne5+ Bxe5 55. fxe5 Kg7 56. e6 Rd8 57. Rb7+ Kh8 58. Nf6 Ra5+ 59. Kg6 Rg8+ 60. Nxg8 Rg5+ 61. Kxh6 Rg7 62. Rf7 Rg6+ 63. Kxg6 1-0

[Event "Late-Titled-Tuesday-Blitz-February-27-2024"]
[Site "Chess.com"]
[Date "2024.02.27"]
[Round "9"]
[White "SilverSwords13"]
[Black "Yurovskykh_Oleksandr"]
[Result "1/2-1/2"]
[WhiteElo "2496"]
[BlackElo "2662"]
[TimeControl "180+1"]
[EndTime "15:45:23 PST"]
[Termination "Game drawn by repetition"]

1. e4 e6 2. d4 d5 3. Nc3 dxe4 4.
Nxe4 Bd7 5. Nf3 Bc6 6. Bd3 Nd7 7. O-O Ngf6 8. Re1 Nxe4 9. Bxe4 Bxe4 10. Rxe4 Nf6 11. Re1 Bd6 12. Bg5 h6 13. Bh4 c6 14.
c3 Qc7 15. Ne5 Nd7 16. Qh5 Nxe5 17. dxe5 Be7 18. Bxe7 Qxe7 19. Rad1 O-O 20. Rd6 Rfd8 21. Red1 Rxd6 22. exd6 Qg5 23. Qxg5 hxg5 24. Kf1 Rd8 25. Ke2 f6 26. Ke3 Kf7 27. Ke4 e5 28. c4 b6 29. b4 Ke6 30. c5 f5+ 31. Ke3 Kd7 32. g4 g6 33. gxf5 gxf5 34. Rg1 Rg8 35. f3 Ke6 36. h4 g4 37. fxg4 fxg4 38. Ke4 g3 39.
Kf3 bxc5 40. bxc5 Kd5 41. Rxg3 Rf8+ 42. Ke3 Kxc5 43. Rg6 Kd5 44. h5 c5 45. h6 Kc6 46. h7 Rh8 47. Rh6 c4 48. Ke4 Kd7 49. Kxe5 c3 50. Rh3 c2 51. Rc3 Rxh7 52. Rc7+ Kd8 53.
Rxc2 Rh3 54. Kd5 Ra3 55. Kc6 Ra6+ 56. Kc5 Kd7 57. Rh2 Rc6+ 58. Kb5 a6+ 59. Ka5 Rxd6 60. Rh7+ Kc8 61. a4 Rc6 62. Ra7 Kb8 63. Rd7 Rh6 64.
Kb4 Rg6 65. Rd4 Kb7 66. a5 Rg5 67. Rh4 Rb5+ 68. Ka4 Rb1 69. Rh7+ Kb8 70. Rh6 Ra1+ 71. Kb4 Rb1+ 72. Kc5 Rb5+ 73. Kc6 Ka8 74. Rh8+ Ka7 75. Rh7+ Ka8 76. Rh8+ Ka7 77. Rh7+ Ka8 78. Rh8+ 1/2-1/2

[Event "Late-Titled-Tuesday-Blitz-February-27-2024"]
[Site "Chess.com"]
[Date "2024.02.27"]
[Round "9"]
[White "Msb2"]
[Black "GHANDEEVAM2003"]
[Result "1/2-1/2"]
[WhiteElo "3038"]
[BlackElo "3059"]
[TimeControl "180+1"]
[EndTime "15:45:24 PST"]
[Termination "Game drawn by stalemate"]

1. d4 d6 2. Nf3 g6 3. c4 Bg7 4.
Nc3 Nc6 5. d5 Ne5 6. Nxe5 Bxe5 7. e4 c6 8. Be2 Nf6 9. Qd3 O-O 10. f4 Bxc3+ 11. bxc3 Bg4 12. e5 Bxe2 13. Qxe2 Nd7 14. O-O Qa5 15. e6 Nf6 16. f5 cxd5 17. Bh6 Qc5+ 18.
Kh1 Qxc4 19. Qe1 gxf5 20. Rxf5 Kh8 21. Bxf8 Rxf8 22. exf7 Rxf7 23. Qe6 Qxc3 24. Raf1 Rg7 25. h3 Qc2 26. R1f2 Qe4 27. Rxf6 exf6 28. Qxf6 Qe5 29. Qf3 h6 30. Re2 Qg5 31. Qd3 Re7 32. Qd4+ Re5 33. Rf2 Qe3 34. Qh4 Qg5 35. Rf8+ Kg7 36. Qf2 Re1+ 37.
Kh2 Qe5+ 38. Rf4 Re3 39. Kg1 h5 40. Rf7+ Kg6 41. Rf4 Re1+ 42. Kh2 Re4 43. Qg3+ Kh6 44. Rf7 Qxg3+ 45. Kxg3 Ra4 46. Rxb7 h4+ 47. Kf3 Rxa2 48.
Rb5 Ra3+ 49. Kf4 Ra4+ 50. Ke3 d4+ 51. Kd3 Kg6 52. Rd5 a6 53. Rxd6+ Kf5 54. Rh6 Kg5 55. Rh8 Ra2 56. Rg8+ Kf5 57. Kxd4 a5 58. Kc5 Rb2 59.
Rg4 Rb4 60. Rg8 Kf4 61. Rg7 Ke3 62. Ra7 Kf2 63. Rxa5 Re4 64. Ra2+ Re2 65. Rxe2+ Kxe2 66. Kd4 Kf2 67. Kd3 Kxg2 68. Ke2 Kxh3 69. Kf1 Kg3 70.
Kg1 h3 71. Kh1 h2 1/2-1/2

[Event "Late-Titled-Tuesday-Blitz-February-27-2024"]
[Site "Chess.com"]
[Date "2024.02.27"]
[Round "9"]
[White "gxbg2000"]
[Black "rose107"]
[Result "1-0"]
[WhiteElo "1952"]
[BlackElo "2108"]
[TimeControl "180+1"]
[EndTime "15:45:26 PST"]
[Termination "gxbg2000 won by checkmate"]

1. e4 c5 2. Nf3 Nc6 3. d4 cxd4 4.
Nxd4 Nf6 5. Nxc6 bxc6 6. Bd3 e5 7. O-O d5 8. Qe2 Bd6 9. b3 O-O 10. Bg5 Bg4 11. f3 Bh5 12. Nd2 h6 13. Bh4 Qb6+ 14.
Kh1 Nd7 15. c4 d4 16. Rfc1 Nc5 17. Nf1 a5 18. Bf2 Qb4 19. Be1 Qb7 20. Ng3 Bg6 21. Nf5 Bxf5 22. exf5 Rfe8 23. Be4 Be7 24. Rab1 Bg5 25.
Rd1 Qe7 26. g4 Rec8 27. Kg2 Bf4 28. h4 Rab8 29. Bxa5 Qxh4 30. Qf2 Qh2+ 31. Kf1 Nxe4 32.
fxe4 Qh3+ 33. Qg2 Qe3 34. Bd2 Qd3+ 35. Qe2 Qh3+ 36. Qg2 Qd3+ 37. Qe2 Qg3 38. Bxf4 Qxf4+ 39. Kg2 Ra8 40. Rf1 Qg5 41. Rf2 Ra3 42. Rbf1 Rca8 43.
f6 Rxa2 44. Qf3 gxf6 45. Kg3 R8a3 46. Rxa2 Rxa2 47. Qxf6 Qe3+ 48. Rf3 Qg1+ 49. Kh4 Qh2+ 50. Rh3 Qf2+ 51. Qxf2 Rxf2 52. Kh5 Rc2 53. Kxh6 Rc3 54. Rh2 Rxb3 55. g5 d3 56. Ra2 Rb8 57. Rd2 Rd8 58. g6 fxg6 59. Kxg6 Kf8 60. Kf6 Rd4 61. Kxe5 Rxc4 62.
Rxd3 Ke7 63. Rh3 Rc5+ 64. Kd4 Rc1 65. Rh7+ Ke6 66. Rh6+ Ke7 67. Ke5 Rg1 68. Rxc6 Rg5+ 69. Kd4 Ra5 70. e5 Ra4+ 71. Kd5 Ra5+ 72. Ke4 Ra4+ 73. Kf5 Ra1 74. Rc7+ Kd8 75. Rb7 Rf1+ 76. Ke6 Ra1 77. Rb6 Ra7 78. Rd6+ Ke8 79. Rb6 Re7+ 80.
Kd6 Ra7 81. e6 Ra8 82. Rc6 Rd8+ 83. Ke5 Ke7 84. Rc7+ Ke8 85. Kf6 Ra8 86. Rh7 Ra6 87.
Rh8# 1-0

[Event "Late-Titled-Tuesday-Blitz-February-27-2024"]
[Site "Chess.com"]
[Date "2024.02.27"]
[Round "9"]
[White "GiorgianBarbosa"]
[Black "Schattman"]
[Result "1-0"]
[WhiteElo "2524"]
[BlackElo "2414"]
[TimeControl "180+1"]
[EndTime "15:45:33 PST"]
[Termination "GiorgianBarbosa won on time"]

1. d4 Nf6 2. c4 g6 3. Nf3 Bg7 4. g3 c6 5. Bg2 d5 6. O-O O-O 7.
cxd5 cxd5 8. Nc3 Ne4 9. Bf4 Nc6 10. Ne5 Nxc3 11. bxc3 Nxe5 12. dxe5 Be6 13. Qd2 Qc7 14. Rfd1 Bxe5 15. Bxd5 Bxf4 16. Qxf4 Qxf4 17. gxf4 Bxd5 18. Rxd5 Rac8 19. Rd7 Rxc3 20. Rxb7 a5 21. Rxe7 Rc2 22. e3 Rd8 23. a4 Rdd2 24. Rf1 Ra2 25. Re4 Rdb2 26. Rd4 Rb4 27. Rxb4 axb4 28. Rb1 Rxa4 29. Kg2 f5 30. Rc1 Ra8 31. Kf1 b3 32. Rb1 Rb8 33. Ke2 Kf7 34. Kd3 Ke6 35. Kc3 Kd5 36. f3 Re8 37.
Kd3 Rb8 38. e4+ fxe4+ 39. fxe4+ Ke6 40. Kc3 Rf8 41. Rf1 Rb8 42. Rf2 Rb7 43. Rb2 Rf7 44. Rf2 Rb7 45. Rb2 Rf7 46. Rxb3 Rxf4 47. Kd4 Rh4 48.
h3 Kf6 49. Kd5 Rf4 50. e5+ Kg5 51. Re3 Rf8 52. e6 Kf4 53. Re1 Rd8+ 54. Kc6 Kg3 55.
e7 Re8 56. Kd7 Ra8 57. Re3+ Kf4 58. e8=Q Rxe8 59. Rxe8 h5 60. Ke6 g5 61. Kd5 g4 62.
hxg4 hxg4 63. Kd4 Kf3 64. Kd3 Kf2 65. Kd2 g3 66. Rf8+ Kg1 67. Ke2 g2 68. Rg8 Kh1 69.
Kf2 g1=Q+ 70. Rxg1+ Kh2 71. Rg3 1-0

[Event "Late-Titled-Tuesday-Blitz-February-27-2024"]
[Site "Chess.com"]
[Date "2024.02.27"]
[Round "9"]
[White "db-banana"]
[Black "NCchamp"]
[Result "1/2-1/2"]
[WhiteElo "2480"]
[BlackElo "2363"]
[TimeControl "180+1"]
[EndTime "15:45:33 PST"]
[Termination "Game drawn by repetition"]

1. e4 c6 2. d4 d5 3. Nc3 dxe4 4. Nxe4 Nf6 5. Nxf6+ exf6 6. c3 Bd6 7. Bd3 Na6 8. Qc2 Nc7 9. Ne2 h5 10. Be3 Kf8 11.
O-O-O g6 12. h3 Kg7 13. g4 Nd5 14. Rdg1 hxg4 15. hxg4 Rxh1 16. Rxh1 Nxe3 17. fxe3 Bxg4 18. Rg1 Bh5 19. Nf4 Bxf4 20. exf4 Qd6 21. Qf2 Re8 22. Kc2 Qd5 23. b3 Qf3 24. Qxf3 Bxf3 25. a4 g5 26. fxg5 Be4 27. gxf6+ Kxf6 28. Bxe4 Rxe4 29. Kd3 Rh4 30. Rg8 b5 31. Rc8 Rh3+ 32. Kc2 Rh2+ 33. Kc1 bxa4 34. Rxc6+ Kf5 35. bxa4 Ke4 36. Rf6 Kd3 37. Rf3+ Kc4 38. Kb1 Rd2 39. Rxf7 Kxc3 40. Rxa7 Rxd4 41. Ka2 Kb4 42.
a5 Rd2+ 43. Kb1 Kb5 44. Kc1 Rh2 45. Kb1 Rg2 46. Ra8 Rg6 47. Kb2 Ra6 48. Rb8+ Kxa5 49. Ka3 Rb6 50. Rh8 Rg6 51. Rh5+ Kb6 52. Kb4 Rg4+ 53. Kc3 Rg3+ 54. Kd4 Rg4+ 55. Kd5 Rg1 56.
Rh6+ Kc7 57. Rh7+ Kb6 58. Rh2 Rd1+ 59. Kc4 Rc1+ 60. Kb3 Rg1 61. Rh6+ Kc5 62. Rh5+ Kd6 63. Rh8 Rg4 64. Ra8 Kc5 65. Ra6 Kb5 66. Rh6 Rg3+ 67.
Kc2 Kc4 68. Rh4+ Kc5 69. Ra4 Rg2+ 70. Kc3 Rg3+ 71. Kd2 Rg2+ 72. Ke3 Rg3+ 73. Kf2 Rb3 74.
Ra5+ Kd4 75. Ra4+ Ke5 76. Ra5+ Kf4 77. Ra4+ Kf5 78. Ra5+ Kf4 79. Ra4+ Kf5 80. Ra5+ Kf4 1/2-1/2

[Event "Late-Titled-Tuesday-Blitz-February-27-2024"]
[Site "Chess.com"]
[Date "2024.02.27"]
[Round "9"]
[White "Alexei_Gubajdullin"]
[Black "EsmeraldasAnderson03"]
[Result "1/2-1/2"]
[WhiteElo "2655"]
[BlackElo "2524"]
[TimeControl "180+1"]
[EndTime "15:45:40 PST"]
[Termination "Game drawn - insufficient material"]

1. e4 c5 2. Nf3 d6 3. g3 Nf6 4. d3 g6 5. Bg2 Bg7 6. O-O O-O 7. c3 Nc6 8. a3 Rb8 9. b4 cxb4 10. axb4 a6 11. Re1 e6 12. Ra2 Bd7 13. Nbd2 Rc8 14. Nc4 Qe7 15. Bf4 e5 16. Bg5 Be6 17.
Ne3 h6 18. Nd5 Bxd5 19. Bxf6 Qxf6 20. exd5 Ne7 21. Nd2 Nf5 22. Ne4 Qd8 23. Bh3 Rc7 24.
c4 Nd4 25. c5 dxc5 26. d6 Rc6 27. Nxc5 Qxd6 28. Bg2 Rb6 29. Qa4 Nc6 30. Nxb7 Qxb4 31. Qxb4 Nxb4 32. Rd2 Rb8 33. Na5 Rd8 34. Nc4 Re6 35.
Bh3 Re7 36. Bf1 Nc6 37. Ra2 Nb4 38. Ra4 Rb7 39. Nxe5 Bxe5 40. Rxe5 Nxd3 41. Re2 Nc5 42. Ra5 Rb5 43. Rxb5 axb5 44. Rb2 Rb8 45. Bxb5 Ne6 46. Rb1 Nd4 47. Bd3 Rxb1+ 48. Bxb1 Kg7 49. h4 Kf6 50. Kg2 g5 51. Kh3 Nf3 52. Kg4 Ne5+ 53. Kh5 gxh4 54. Kxh4 Kg7 55. f4 Nc4 56. Ba2 Ne3 57.
Bb3 f5 58. Kh3 Kg6 59. Kh2 Ng4+ 60. Kg2 Kf6 61. Kf3 Nh2+ 62. Kg2 Ng4 63. Kh3 Ne3 64. Kh4 Kg6 65. Ba4 Ng2+ 66. Kh3 Ne3 67. Be8+ Kf6 68. Kh4 Nf1 69. Bb5 Ne3 70. Kh5 Kg7 71. Bd3 Kh7 72. g4 Kg7 73. Bxf5 Nxf5 74. gxf5 Kf6 75. Kg4 h5+ 76.
Kxh5 Kxf5 77. Kh4 Kxf4 1/2-1/2

[Event "Late-Titled-Tuesday-Blitz-February-27-2024"]
[Site "Chess.com"]
[Date "2024.02.27"]
[Round "9"]
[White "Resignify"]
[Black "ZachHKL"]
[Result "0-1"]
[WhiteElo "2208"]
[BlackElo "2112"]
[TimeControl "180+1"]
[EndTime "15:45:55 PST"]
[Termination "ZachHKL won by resignation"]

1. e4 c5 2. Nc3 d6 3. g3 g6 4.
Bg2 Bg7 5. d3 Nc6 6. f4 e6 7. Nf3 Nd4 8. O-O Ne7 9. Be3 Nec6 10. Rb1 O-O 11. e5 dxe5 12. Nxe5 Nxe5 13. fxe5 Bxe5 14.
Ne4 Qc7 15. c3 Nf5 16. Bxc5 Bd6 17. Bf2 Be7 18. g4 Nd6 19. Bg3 Qb6+ 20. Bf2 Qc7 21. Qf3 Nxe4 22. Qxe4 Bd6 23. h3 Bc5 24. d4 Bd6 25.
Bh4 Be7 26. Bf2 Rb8 27. Be3 Bd7 28. Bh6 Bc6 29. Qf4 Qxf4 30. Bxf4 Rbc8 31. Rbe1 Bh4 32. Re3 Bxg2 33. Kxg2 Be7 34. Ref3 f6 35. Re1 Kf7 36.
Rfe3 e5 37. dxe5 Bc5 38. R3e2 Rfd8 39. exf6 Kxf6 40. Rf1 Kg7 41. Bg5 Re8 42. Rfe1 Rf8 43. Bh4 Rf7 44. Bf2 Bd6 45. Bd4+ Kg8 46. Re6 Bf8 47.
Re8 Rfc7 48. R1e6 Kf7 49. Rxc8 Rxc8 50. Rf6+ Kg8 51. Re6 a6 52. a3 Rd8 53. Re4 Bg7 54.
Kf3 Bxd4 55. Rxd4 Rf8+ 56. Ke3 Re8+ 57. Re4 Rd8 58. Re7 b5 59. b3 Rd6 60. c4 bxc4 61. bxc4 Kf8 62. Rxh7 Re6+ 63. Kd4 Ke8 64. c5 Kd8 65.
Rg7 Kc8 66. h4 Rf6 67. Ke5 Rc6 68. Kd5 Rf6 69. Re7 Rf4 70. Re8+ Kc7 71. Re7+ Kc8 72. Re6 Rxg4 73. Rxa6 Rxh4 74. Rxg6 Ra4 75. Kc6 Ra6+ 76. Kb5 Rxg6 77. a4 Kb7 78. a5 Ra6 79. Kb4 Rc6 80. Kb5 Rc8 81. a6+ Ka7 82. Kb4 Kxa6 83. Kc4 Kb7 84. Kd5 Kc7 85. Kd4 Ra8 86. Kc4 Kc6 87.
Kb4 Rb8+ 88. Kc4 Rb5 89. Kd4 Rxc5 90. Ke4 Rd5 0-1

[Event "Late-Titled-Tuesday-Blitz-February-27-2024"]
[Site "Chess.com"]
[Date "2024.02.27"]
[Round "9"]
[White "ninguno46"]
[Black "mac0504"]
[Result "0-1"]
[WhiteElo "2589"]
[BlackElo "2717"]
[TimeControl "180+1"]
[EndTime "15:46:17 PST"]
[Termination "mac0504 won by checkmate"]

1. e4 Nc6 2. Nf3 d6 3. d4 Nf6 4. Nc3 g6 5. h3 Bg7 6. Be2 O-O 7. O-O e5 8. dxe5 dxe5 9. Bg5 Qe8 10. Bb5 h6 11. Be3 Qe7 12. Qe2 Be6 13. Bxc6 bxc6 14. Qa6 Qb4 15. Rfb1 Nh5 16. Qxc6 Rfd8 17. Qa4 Qb7 18.
Rd1 Nf4 19. Qb5 Qxb5 20. Rxd8+ Rxd8 21. Nxb5 Rb8 22. Nxc7 Rxb2 23. Nxe6 Nxe6 24. Bxa7 Rxc2 25. a4 Nc7 26. a5 Na6 27. Bb6 f5 28. Rd1 fxe4 29.
Nd2 e3 30. fxe3 Kf7 31. Ne4 Bf8 32. Rd7+ Ke6 33. Rd2 Rc1+ 34. Kf2 Bb4 35. Rb2 Ra1 36. Rc2 Bxa5 37. Bxa5 Rxa5 38. Rc6+ Kd5 39. Rxg6 Kxe4 40. Rxh6 Ra2+ 41. Kg3 Kxe3 42. Re6 e4 43. h4 Nc5 44. Re7 Nd3 45. h5 Nf4 46. Kg4 Rxg2+ 47. Kf5 Kf3 48. Rxe4 Nxh5 49. Ra4 Ng3+ 50. Ke5 Nf1 51. Rf4+ Ke2 52.
Re4+ Ne3 53. Kd4 Rg3 54. Re8 Kd2 55. Kc5 Rg4 56. Re5 Nc2 57. Rh5 Kc3 58. Rh3+ Kb2 59.
Rh2 Rf4 60. Rg2 Kb3 61. Rg3+ Kb2 62. Rg2 Rf3 63. Rh2 Kc3 64. Rg2 Rf5+ 65. Kd6 Nd4 66.
Rg3+ Kc4 67. Rg4 Rf6+ 68. Kd7 Rh6 69. Rg5 Nf3 70. Rg4+ Kd5 71. Rf4 Ne5+ 72. Kc7 Rc6+ 73. Kb7 Rg6 74. Rf1 Kc5 75. Rc1+ Nc4 76. Kc7 Rg7+ 77. Kd8 Kd5 78. Rd1+ Ke6 79. Kc8 Ne5 80. Ra1 Rg8+ 81. Kc7 Rg7+ 82. Kb6 Rg2 83. Rb1 Rc2 84. Kb5 Kd5 85. Rd1+ Ke6 86. Rf1 Nd3 87. Rf3 Ne5 88. Re3 Kd5 89. Re1 Rb2+ 90. Ka4 Nc4 91. Re8 Rb1 92.
Rd8+ Ke4 93. Re8+ Kd3 94. Rd8+ Kc3 95. Rc8 Rb4# 0-1

[Event "Late-Titled-Tuesday-Blitz-February-27-2024"]
[Site "Chess.com"]
[Date "2024.02.27"]
[Round "9"]
[White "Cambek64"]
[Black "BabageldiAnnaberdiyev"]
[Result "1-0"]
[WhiteElo "2496"]
[BlackElo "2619"]
[TimeControl "180+1"]
[EndTime "15:47:31 PST"]
[Termination "Cambek64 won by resignation"]

1. e4 e6 2. d4 d5 3. exd5 exd5 4. c3 Bd6 5. Bd3 Nc6 6. Qc2 Nge7 7. Ne2 h6 8. Bf4 Be6 9. Nd2 Qd7 10. O-O-O O-O-O 11.
Kb1 g5 12. Bxd6 Qxd6 13. Ng3 Kb8 14. Rhe1 h5 15. Nf3 h4 16. Nf1 Qf4 17. Qd2 Qxd2 18.
N1xd2 Rdg8 19. Re2 g4 20. Ne5 Nxe5 21. Rxe5 Nc6 22.
Re3 a6 23. Rde1 Ka7 24. Nb3 b6 25. Nc1 Ne7 26. Bc2 Nf5 27. R3e2 Nd6 28. Nd3 g3 29. fxg3 hxg3 30. h3 Ne4 31. Nf4 Ng5 32. Re5 Rh4 33. Nxe6 fxe6 34. Rg1 Rf4 35. Re3 Ne4 36. Bxe4 dxe4 37.
Rge1 Rf2 38. R1e2 Rgf8 39. Kc2 R8f4 40. Kd2 Rf1 41. Rxg3 Rb1 42. Kc2 Ra1 43. a3 Rff1 44.
Rge3 Rac1+ 45. Kb3 b5 46. Rxe4 a5 47. a4 bxa4+ 48. Kxa4 Ra1+ 49. Kb3 a4+ 50. Kc4 Rfb1 51. Rxe6 Ra2 52. g4 a3 53. bxa3 Rxa3 54. g5 Rc1 55.
R2e3 Ra5 56. R6e5 Ra6 57. Kd3 Rd1+ 58. Ke4 Rg1 59. c4 Kb7 60. c5 Ra4 61. Rb3+ Kc6 62. Re6+ Kd7 63. Rg6 Re1+ 64. Re3 Rd1 65. Rg7+ Kc6 66.
Rg6+ Kd7 67. Rg7+ Kc6 68. Kf5 Rdxd4 69. Re6+ Kb7 70. Ree7 Rf4+ 71. Kg6 Rac4 72. Rxc7+ Ka6 73. Rcf7 Rh4 74. Rf5 Kb5 75. Kf6 Rxh3 76. g6 Rg3 77. Rf7 Rcg4 78. Rg7 Kc6 79. Kf7 Rg2 80. Rf6+ Kxc5 81.
Rg8 Kd5 82. g7 Ke5 83. Re8+ Kd5 84. g8=Q Rxg8 85. Rxg8 Rh2 86. Rg5+ Ke4 87. Ra5 Rh7+ 88. Kg6 Rb7 89. Rff5 Rb6+ 90. Kh5 Rb7 91. Rg5 Kf4 92.
Ra4+ Kf3 93. Rc5 Rb3 94. Kg5 Kg3 95. Rcc4 Rb5+ 96. Kf6 Rb6+ 97. Ke7 Rb3 98. Kd6 Rd3+ 99. Kc5 Rb3 100. Rab4 Ra3 101. Rd4 Kf3 102. Rbc4 Ra8 103. Kb4 Ke2 104. Kb3 Rb8+ 105. Kc3 Rb7 106. Rd2+ Ke3 107. Rd3+ Ke2 108. Re4+ Kf2 109. Rh4 Kg2 110. Ra4 Rc7+ 111. Kd2 Kf2 112. Ra2 Rc6 113. Rc2 Re6 114. Kc1+ Kf1 115. Rd1+ 1-0

[Event "Late-Titled-Tuesday-Blitz-February-27-2024"]
[Site "Chess.com"]
[Date "2024.02.27"]
[Round "9"]
[White "elchacal664"]
[Black "IngOscarArdila"]
[Result "0-1"]
[WhiteElo "2413"]
[BlackElo "2301"]
[TimeControl "180+1"]
[EndTime "15:48:20 PST"]
[Termination "IngOscarArdila won by checkmate"]

1. e4 e5 2. Bc4 Nf6 3. d3 c6 4.
Qe2 Be7 5. Nf3 d6 6. h3 O-O 7. Bb3 a5 8. a3 Nbd7 9. g4 Nc5 10. Ba2 Be6 11. Nc3 Bxa2 12. Nxa2 Re8 13. Rg1 Ne6 14. h4 Nd7 15. h5 Nf4 16. Bxf4 exf4 17. O-O-O Bg5 18.
Kb1 Ne5 19. d4 Nxf3 20. Qxf3 Qe7 21. Nc3 b5 22. Rge1 b4 23. Na4 bxa3 24. b3 Rab8 25.
e5 Qd7 26. Ka2 h6 27. d5 c5 28. e6 fxe6 29. dxe6 Qe7 30. Qe4 Kh8 31. Qg6 c4 32. Qf7 cxb3+ 33. cxb3 Qd8 34. Qd7 Qf6 35. Kxa3 f3 36.
Qf7 Qd8 37. Qxf3 Be7 38. Qd5 Qc7 39. Rc1 Qa7 40. Re2 Rec8 41. Rec2 Rxc2 42. Rxc2 Rf8 43. f3 Qb8 44. Ka2 Qb4 45. Qc4 Qe1 46. Re2 Qf1 47. Rc2 Qe1 48. Qc7 Bf6 49. Nb2 Qe5 50.
Qc4 Re8 51. Qe4 Qxe6 52. Qxe6 Rxe6 53. Nc4 Re1 54. Nb2 d5 55. Rd2 d4 56. Nd3 Re3 57. Ka3 Rxf3 58. Ka4 Rg3 59. Kxa5 Rxg4 60. b4 Rg5+ 61.
b5 Bd8+ 62. Ka6 Rxh5 63. b6 Bxb6 64. Kxb6 Rh4 65. Kc5 g5 66. Kd5 Kg7 67. Ke5 Kg6 68. Rf2 Rh3 69. Kxd4 h5 70. Ne5+ Kg7 71. Rf7+ Kg8 72. Rf5 g4 73. Rg5+ Kf8 74. Ke4 Rh1 75. Kf4 Ke7 76. Ng6+ Kf6 77. Ra5 Kxg6 78. Ra6+ Kf7 79.
Ra7+ Ke6 80. Ra6+ Kd5 81. Ra5+ Kd4 82. Ra4+ Kc5 83. Ra5+ Kb4 84. Ra2 Kb3 85. Ra8 Rh3 86. Rb8+ Kc4 87. Ra8 Kd5 88. Ra5+ Ke6 89. Ra6+ Kd7 90.
Ra7+ Kc6 91. Ra6+ Kb5 92. Rh6 Kc4 93. Rh8 Kd5 94. Ra8 Ke6 95. Ra6+ Ke7 96. Ra7+ Kd8 97.
Ra8+ Kc7 98. Ra7+ Kb8 99. Rh7 Kc8 100. Rh8+ Kd7 101. Rh7+ Ke6 102. Rh6+ Kd5 103. Rh8 Kd4 104. Rd8+ Kc3 105. Rc8+ Kd2 106. Ra8 Rf3+ 107. Kg5 g3 108. Kh4 g2 109. Ra2+ Ke1 110. Rxg2 Rf5 111. Ra2 Kf1 112. Kh3 Rf3+ 113. Kh4 Rf5 114. Ra4 Kg2 115. Ra1 Rf4+ 116. Kg5 Rf3 117. Ra2+ Kg3 118. Ra1 h4 119. Rg1+ Kh2 120. Ra1 h3 121. Ra2+ Kg1 122. Ra1+ Kg2 123. Ra2+ Rf2 124.
Ra1 h2 125. Kg4 h1=Q 126. Rxh1 Kxh1 127. Kg3 Ra2 128. Kf3 Rb2 129. Ke3 Ra2 130. Kd3 Ra3+ 131. Kd4 Ra7 132. Kc4 Ra8 133. Kb4 Rc8 134. Kb5 Kg2 135. Kb6 Kf3 136. Kb7 Rc1 137. Kb6 Ke4 138. Kb5 Kd5 139. Kb4 Rc2 140. Kb3 Rc8 141. Kb2 Kd4 142. Kb3 Rc7 143. Ka3 Rb7 144. Ka2 Kc3 145. Ka1 Kc2 146. Ka2 Ra7# 0-1

[Event "Late-Titled-Tuesday-Blitz-February-27-2024"]
[Site "Chess.com"]
[Date "2024.02.27"]
[Round "10"]
[White "Zavgorodniy_Sergiy"]
[Black "ElHelvetico"]
[Result "0-1"]
[WhiteElo "2620"]
[BlackElo "2743"]
[TimeControl "180+1"]
[EndTime "15:50:10 PST"]
[Termination "ElHelvetico won by resignation"]

1. d4 Nf6 2. c4 c5 3. Nf3 cxd4 4. Nxd4 e5 5. Nb5 d5 6. cxd5 Bc5 7. N5c3 O-O 8. g3 Ng4 9. e3 f5 10. Be2 Nd7 11. Bxg4 fxg4 12. O-O e4 13. Nxe4 Bb6 14. Qxg4 Ne5 15. Qg5 Nf3+ 0-1

[Event "Late-Titled-Tuesday-Blitz-February-27-2024"]
[Site "Chess.com"]
[Date "2024.02.27"]
[Round "10"]
[White "GodzillaChessYoutube"]
[Black "rhungaski"]
[Result "1-0"]
[WhiteElo "2642"]
[BlackElo "2585"]
[TimeControl "180+1"]
[EndTime "15:51:35 PST"]
[Termination "GodzillaChessYoutube won by resignation"]

1. d4 Nf6 2. Bf4 d5 3. e3 c5 4. Nf3 Nc6 5. Bb5 Nh5 6. dxc5 Nxf4 7. exf4 a6 8. Bxc6+ bxc6 9. c3 g6 10. Qd4 f6 11. O-O Be6 12. Re1 Bf7 13. Qxf6 1-0

[Event "Late-Titled-Tuesday-Blitz-February-27-2024"]
[Site "Chess.com"]
[Date "2024.02.27"]
[Round "10"]
[White "Yahisalem"]
[Black "ritanovikova"]
[Result "0-1"]
[WhiteElo "2031"]
[BlackElo "2232"]
[TimeControl "180+1"]
[EndTime "15:51:38 PST"]
[Termination "ritanovikova won by resignation"]

1. e4 g6 2. d4 Bg7 3. Be3 d6 4. c4 Nf6 5. Nc3 O-O 6. Bd3 e5 7. d5 a5 8. a4 b6 9. Nge2 Nbd7 10. O-O Ng4 11. Bd2 Qh4 12. h3 Ngf6 13. Qc1 Nc5 14. Bc2 Bxh3 15. gxh3 Qxh3 16. Ng3 Ng4 0-1